 Dungeon Crawl Stone Soup version 0.20.0-15-g7f486f2 (webtiles) character file.

289 rodrick the Sneak (level 6, -1/45 HPs)
             Began as a Vampire Assassin on June 9, 2017.
             Slain by an orc
             ... wielding a +0 flail
              (8 damage)
             ... on level 5 of the Dungeon.
             The game lasted 00:09:43 (3356 turns).

rodrick the Sneak (Vampire Assassin)                Turns: 3356, Time: 00:09:44

Health: -1/45      AC:  0    Str: 10    XL:     6   Next: 9%
Magic:  4/6        EV: 20    Int: 14    God:
Gold:   136        SH:  3    Dex: 22    Spells: 5/5 levels left

rFire    . . .     SeeInvis +   (weapon currently unavailable)
rCold    + . .     Gourm    .   (shield currently unavailable)
rNeg     + + .     Faith    .   (armour currently unavailable)
rPois    +         Spirit   .   (helmet currently unavailable)
rElec    .         Reflect  +   (cloak currently unavailable)
rCorr    .         Harm     .   (gloves currently unavailable)
MR       .....                  (boots currently unavailable)
Stlth    ++++++....             n - +3 amulet of reflection
Regen    0.1/turn               (ring currently unavailable)
MPRegen  0.1/turn               (ring currently unavailable)

@: bat-form, flying, regenerating slowly, very quick
A: fangs 3, see invisible
a: End Transformation


You were on level 5 of the Dungeon.
You were thirsty.
You were in vampire-bat-form.
You visited 1 branch of the dungeon, and saw 6 of its levels.
You also visited: Sewer.

You collected 136 gold pieces.

Inventory:

Hand Weapons
 a - a +3 dagger (melded)
 b - a +0 blowgun
 w - a +2 scimitar of protection
Missiles
 e - 26 poisoned needles
 f - 2 curare-tipped needles
 l - a throwing net (quivered)
Armour
 c - a +0 robe (melded)
 d - a +0 cloak (melded)
 h - a +0 helmet (melded)
 k - a +0 pair of gloves (melded)
 p - a +2 shield (melded)
Jewellery
 n - a +3 amulet of reflection (around neck)
 u - a +5 ring of strength {unknown}
 y - an uncursed ring of resist corrosion {unknown}
Wands
 q - a wand of lightning (10/15)
 r - a wand of lightning (9/15)
Scrolls
 j - 3 scrolls of identify
 m - 2 scrolls of remove curse
 s - a scroll of teleportation
 x - a scroll of enchant armour {unknown}
Potions
 g - 7 potions of blood
 i - a potion of ambrosia
 o - 3 potions of curing
 t - a potion of flight
 v - a potion of degeneration {unknown}


   Skills:
 + Level 2.3 Fighting
 + Level 3.7 Short Blades
 + Level 1.7 Throwing
 + Level 2.3 Dodging
 + Level 7.9 Stealth
 * Level 2.5 Shields


You had 5 spell levels left.
You didn't know any spells.

Dungeon Overview and Level Annotations

Branches:
Dungeon (6/15)
 Temple: D:4-7

Altars:
Cheibriados
Fedhas


Innate Abilities, Weirdness & Mutations

You heal slowly.
You have razor-sharp teeth.
You have supernaturally acute eyesight. (SInv)
((You can survive without breathing.))


Message History

You closely miss the orc wizard.
The orc wizard is almost dead.
The orc wizard hits you with a dagger.
* * * LOW HITPOINT WARNING * * *
You block the orc's attack.
Unknown command.
You puncture the orc wizard!
You kill the orc wizard!
You have reached level 6!
Your experience leads to an increase in your attributes!
Increase (S)trength, (I)ntelligence, or (D)exterity?
You feel agile. You block the orc's attack.
Okay, then.
You turn into a vampire bat.
Your +3 dagger melds into your body.
Your +0 cloak melds into your body.
Your +0 helmet melds into your body.
Your +0 pair of gloves melds into your body.
Your +2 shield melds into your body.
Your +0 robe melds into your body.
The orc hits you with a flail!
You die...

..........####...#####
......................
..........####...####
..........# #...#
..........# #...#
..........#
#...#######
..........#
##........#
..........# #.o).....#
..........# #.bo.....#
..........# #........#
########### #........#
#..?.....# #........#
#........# #.$......#
.........#


You could see 2 orcs.

Vanquished Creatures
  Purgy (Sewer)
  An iguana (D:5)
  An orc wizard (D:5)
  2 gnolls (D:5)
  6 adders
  2 worms (D:2)
  A dart slug (D:1)
  2 leopard geckos
  An orc (D:3)
  7 giant cockroaches
  11 goblins
  9 hobgoblins
  5 kobolds
  3 ball pythons
  6 bats
  4 frilled lizards
  5 rats
67 creatures vanquished.

Notes
Turn   | Place    | Note
-------+----------+-------------------------------------------
     0 | D:1      | rodrick the Vampire Assassin began the quest for the Orb.
     0 | D:1      | Reached XP level 1. HP: 16/16 MP: 1/1
    28 | D:1      | Reached skill level 6 in Stealth
   142 | D:1      | Reached XP level 2. HP: 22/22 MP: 2/2
   765 | D:1      | Reached XP level 3. HP: 27/27 MP: 3/3
  1022 | D:2      | Reached skill level 7 in Stealth
  1103 | D:2      | Reached XP level 4. HP: 31/33 MP: 4/4
  1998 | D:2      | Reached skill level 1 in Shields
  2494 | D:3      | Found a glowing drain.
  2513 | Sewer    | Entered a sewer
  2516 | Sewer    | Noticed Purgy
  2541 | Sewer    | Killed Purgy
  2541 | Sewer    | Reached XP level 5. HP: 5/38 MP: 5/5
  3184 | D:3      | You fall through a shaft for 3 floors!
  3184 | D:6      | Found a blossoming altar of Fedhas.
  3184 | D:6      | Found a snail-covered altar of Cheibriados.
  3218 | D:5      | Entered Level 5 of the Dungeon
  3232 | D:4      | Found a snail-covered altar of Cheibriados.
  3355 | D:5      | Reached XP level 6. HP: 7/45 MP: 6/6
  3356 | D:5      | Slain by an orc

Skill      XL: |  1  2  3  4  5 |
---------------+----------------+-----
Stealth        | 6 7 |  7.9
Fighting       | 2 |  2.3
Short Blades   | 3 |  3.7
Shields        | 2 |  2.5
Dodging        | 2 |  2.3
Throwing       | |  1.7

Action                   |  1- 3 |  4- 6 || total
-------------------------+-------+-------++-------
Melee: Dagger            |    82 |   136 ||   218
       Bite              |     4 |    13 ||    17
 Abil: Bat Form          |       |     1 ||     1
Evoke: Wand              |       |     1 ||     1
  Use: Scroll            |     6 |     7 ||    13
       Potion            |       |     3 ||     3
 Stab: Sleeping          |    12 |     7 ||    19
       Distracted        |       |     1 ||     1
Armor: Robe              |    13 |    20 ||    33
Dodge: Dodged            |    45 |    35 ||    80
Block: Shield            |     5 |    82 ||    87
       Reflection        |       |     1 ||     1
